 Dungeon Crawl Stone Soup version 0.21-a0-531-gacddea6 (webtiles) character file.

67 mortelune the Conjurer (level 3, 0/19 HPs)
             Began as a Deep Elf Conjurer on Dec 14, 2017.
             Slain by an adder (1 damage)
             ... on level 1 of the Dungeon.
             The game lasted 00:05:41 (1543 turns).

mortelune the Conjurer (Deep Elf Conjurer)          Turns: 1543, Time: 00:05:41

Health: 0/19       AC:  2    Str: 10    XL:     3   Next: 98%
Magic:  8/10       EV: 13    Int: 20    God:
Gold:   34         SH:  0    Dex: 15    Spells: 4/10 levels left

rFire    . . .     SeeInvis .   d - +0 spear
rCold    . . .     Gourm    .   (no shield)
rNeg     . . .     Faith    .   a - +0 robe
rPois    .         Spirit   .   (no helmet)
rElec    .         Reflect  .   (no cloak)
rCorr    .         Harm     .   (no gloves)
MR       .....                  (no boots)
Stlth    ++........             (no amulet)
HPRegen  0.06/turn              (no ring)
MPRegen  0.12/turn              (no ring)

@: mighty, lethally poisoned (0 -> -7), very slightly contaminated
A: no striking features
a: no special abilities


You were on level 1 of the Dungeon.
You were not hungry.

You visited 1 branch of the dungeon, and saw 2 of its levels.

You collected 34 gold pieces.

Inventory:

Hand Weapons
 d - a +0 spear (weapon)
Armour
 a - a +0 robe (worn)
Scrolls
 g - 2 scrolls of enchant weapon {unknown}
 j - a scroll of enchant armour {unknown}
 k - a scroll of teleportation {unknown}
Potions
 e - a potion of magic
 i - a potion of might
Books
 b - a book of Conjurations

   Spells                             Type                      Level
   a - Magic Dart                     Conjuration                  1
   b - Searing Ray                    Conjuration                  2
   c - Dazzling Spray                 Conjuration/Hexes            3
   d - Fulminant Prism                Conjuration/Hexes            4
   e - Force Lance                    Conjuration/Translocation    4
   f - Iskenderun's Mystic Blast      Conjuration                  4
Comestibles
 c - 2 bread rations
 h - 9 chunks of flesh
 l - a royal jelly


   Skills:
 - Level 2.4 Dodging
 - Level 2.4 Stealth
 + Level 4.1 Spellcasting
 * Level 5.6 Conjurations


You had 4 spell levels left.
You knew the following spells:

 Your Spells              Type           Power        Failure   Level  Hunger
a - Magic Dart            Conj           ####         1%          1    None
b - Searing Ray           Conj           ####..       1%          2    #......
c - Dazzling Spray        Conj/Hex       ###...       12%         3    ###....


Dungeon Overview and Level Annotations

Branches:
Dungeon (2/15)

Altars:
Trog


Message History

Casting: Magic Dart
Confirm with . or Enter, or press ? or * to list all spells.
Aiming: Magic Dart
Press: ? - help, Shift-Dir - straight line, f/p - adder
Aim: an adder (severely wounded)
You miscast Magic Dart.
You are very lightly contaminated with residual magic.
Sparks fly from your hands! The adder barely misses you.
Casting: Magic Dart
Confirm with . or Enter, or press ? or * to list all spells.
Aiming: Magic Dart
Press: ? - help, Shift-Dir - straight line, f/p - adder
Aim: an adder (severely wounded)
The magic dart hits the adder.
The adder is severely wounded.
The adder bites you.
* * * LOW HITPOINT WARNING * * *
You are lethally poisoned!
The adder poisons you! The adder bites you.
You die...

#........####.....###.....###
#................## #......##
#.................###.##.#..#
#........##..................
#........##.......###.###.#..
#........###.....####.# #.###
############.......##.###.###
#.S................
#.@................
#......>###........
##................. ######
##...#####...##.#.
#....########...#......####...
#.............#...####.####...
#.....########..### #.)......
#.....# #.## ##....... #.....#
#.# #........


You could see an adder.

Vanquished Creatures
  3 adders (D:2)
  An ooze (D:2)
  2 leopard geckos (D:1)
  A ball python (D:1)
  8 goblins
  6 hobgoblins
  A jackal (D:2)
  3 bats (D:1)
  A frilled lizard (D:1)
  5 kobolds
  2 rats (D:1)
33 creatures vanquished.

Notes
Turn   | Place    | Note
-------+----------+-------------------------------------------
     0 | D:1      | mortelune the Deep Elf Conjurer began the quest for the Orb.
     0 | D:1      | Reached XP level 1. HP: 10/10 MP: 6/6
   353 | D:1      | Reached XP level 2. HP: 15/15 MP: 2/8
   357 | D:1      | Learned a level 2 spell: Searing Ray
   699 | D:1      | Reached skill level 5 in Conjurations
   988 | D:2      | Reached XP level 3. HP: 19/19 MP: 3/10
  1022 | D:2      | Learned a level 3 spell: Dazzling Spray
  1435 | D:2      | Found a bloodstained altar of Trog.
  1543 | D:1      | Slain by an adder

Vault maps used:
D:1:      dpeg_arrival_simpleton_c, kennysheep_doodads
D:2:      trog_hazing_becter

Skill      XL: |  1  2  3 |
---------------+----------+-----
Conjurations   | 5 |  5.6
Spellcasting   | 4 |  4.1
Dodging        | |  2.4
Stealth        | |  2.4

Action                   || total
-------------------------++-------
Melee: Spear             ||     2
 Cast: Magic Dart        ||    65
       Dazzling Spray    ||     4
       Searing Ray       ||     2
  Use: Scroll            ||     2
       Potion            ||     3
  Eat: Chunk             ||     2
Armor: Robe              ||     7
Dodge: Dodged            ||    26

Table legend:
 A = Spawn XP
 B = Non-spawn XP
 C = Spawn XP percentage of total XP
 D = Spawn monster count
 E = Non-spawn monster count
 F = Spawn count percentage of total count
 G = Total turns spent on level
                    A         B        C        D         E        F      G
               +---------+---------+-------+---------+---------+-------+---------
         Total |       0 |      96 |   0.0 |       0 |      33 |   0.0 |  1543
               +---------+---------+-------+---------+---------+-------+---------
           D:1 |       0 |      33 |   0.0 |       0 |      20 |   0.0 |   974
           D:2 |       0 |      63 |   0.0 |       0 |      13 |   0.0 |   569
               +---------+---------+-------+---------+---------+-------+---------
